 Dungeon Crawl Stone Soup version 0.29.1-1-gd02db6906a (webtiles) character file.

Game seed: 7067648576182617715

363 Doomgape the Ruffian (level 6, -19/63 HPs)
             Began as a Troll Fighter on Sept 18, 2022.
             Demolished by an orc warrior
             ... wielding a +0 morningstar
              (25 damage)
             ... on level 4 of the Dungeon.
             The game lasted 00:05:33 (2434 turns).

Doomgape the Ruffian (Troll Fighter)                Turns: 2434, Time: 00:05:33

Health: -19/63     AC:  4    Str: 25    XL:     6   Next: 39%
Magic:  0/5        EV:  8    Int:  6    God:
Gold:   202        SH:  8    Dex:  9    Spells: 5/5 levels left

rFire   . . .      SeeInvis .     - Unarmed
rCold   . . .      Faith    .   b - +1 kite shield
rNeg    . . .      Spirit   +   a - +0 robe
rPois   .          Reflect  .   (helmet restricted)
rElec   .          Harm     .   (no cloak)
rCorr   .          Rampage  .   (gloves unavailable)
Will    .....                   (boots unavailable)
Stlth   +.........              e - amulet of guardian spirit
HPRegen 1.00/turn               (no ring)
MPRegen 0.09/turn               (no ring)

@: no status effects
A: large, unfitting armour, claws 3, regeneration 1, shaggy fur 1, tough skin 1
a: no special abilities


You were on level 4 of the Dungeon.
You visited 1 branch of the dungeon, and saw 4 of its levels.

You collected 202 gold pieces.

Inventory:

Armour
 a - a +0 robe (worn)
 b - a +1 kite shield (worn)
Jewellery
 e - an amulet of guardian spirit (around neck)
Scrolls
 f - a scroll of vulnerability {unknown}
 h - a scroll of identify
Potions
 d - a potion of brilliance
 g - 2 potions of mutation
 i - a potion of attraction {unknown}
 j - 2 potions of heal wounds {unknown}


   Skills:
 + Level 4.5 Fighting
 - Level 2.4 Dodging
 - Level 2.6 Shields
 + Level 5.0 Unarmed Combat


You had 5 spell levels left.
You didn't know any spells.
Your spell library was empty.

Dungeon Overview and Level Annotations

Branches:
Dungeon (4/15)
 Temple: D:4-7

Altars:
Trog


Innate Abilities, Weirdness & Mutations

You are too large for most types of armour.
You have claws for hands.
Your natural rate of healing is unusually fast.
You are covered in fur. (AC +1)
You have tough skin. (AC +1)


Message History

The orc warrior is moderately wounded.
You block the orc warrior's attack.
You barely miss the orc warrior.
The orc warrior is lightly wounded.
The orc warrior hits you with a +0 morningstar!
You scratch the orc warrior but do no damage.
The orc warrior is lightly wounded.
You block the orc warrior's attack.
It was a potion of curing.
You feel better. You block the orc warrior's attack.
You closely miss the orc warrior.
The orc warrior is lightly wounded.
The orc warrior completely misses you.
You barely miss the orc warrior.
The orc warrior is lightly wounded.
You block the orc warrior's attack.
You scratch the orc warrior.
The orc warrior is moderately wounded.
The orc warrior hits you with a +0 morningstar!!
You barely miss the orc warrior.
The orc warrior is moderately wounded.
The orc warrior completely misses you.
You closely miss the orc warrior.
The orc warrior is moderately wounded.
The orc warrior hits you with a +0 morningstar!
* * * LOW HITPOINT WARNING * * *
The orc wizard mumbles some strange words.
The orc wizard flickers and vanishes!
Deactivating autopickup; reactivate with Ctrl-A.
You claw the orc warrior!
The orc warrior is heavily wounded.
The orc warrior hits you with a +0 morningstar!
* * * LOW HITPOINT WARNING * * *
Unknown command.
You scratch the orc warrior.
The orc warrior is severely wounded.
You block the orc warrior's attack.
You closely miss the orc warrior.
The orc warrior is severely wounded.
The orc warrior hits you with a +0 morningstar!!
You die...

### .## ##... ##### ..#
#..... .##.## ..## #......
.....######..# .......
.........##..######.......
................@o{.......
....###.........##o.........
....# ####.......#..........
....# #..................
....# ##..................
....# #...................
....# ##...................
#........<...........
##...........)........


You could see an orc warrior and an orc.

Vanquished Creatures
  An ogre (D:4)
  Crazy Yiuf (D:4)
  An orc priest (D:3)
  Terence (D:3)
  2 orc wizards (D:3)
  A gnoll (D:1)
  3 adders
  An ufetubus (D:4)
  2 worms (D:2)
  2 dart slugs
  7 orcs
  6 endoplasms
  2 giant cockroaches
  9 goblins
  8 hobgoblins
  11 jackals
  6 kobolds
  4 quokkas
  4 ball pythons
  8 bats
  3 frilled lizards
  5 rats
88 creatures vanquished.

Notes
Turn   | Place    | Note
-------+----------+-------------------------------------------
     0 | D:1      | Doomgape the Troll Fighter began the quest for the Orb.
     0 | D:1      | Reached XP level 1. HP: 22/22 MP: 0/0
   156 | D:1      | Reached XP level 2. HP: 25/29 MP: 1/1
   221 | D:1      | Reached XP level 3. HP: 37/37 MP: 2/2
   401 | D:1      | Reached skill level 3 in Unarmed Combat
   436 | D:1      | Found a faded altar of an unknown god.
   863 | D:2      | Found a bloodstained altar of Trog.
   939 | D:2      | Reached XP level 4. HP: 45/45 MP: 3/3
  1339 | D:3      | Identified the +5 hand axe "Iciuptem" {vorpal, rPois rCorr
                  | Str-5}
  1435 | D:3      | Noticed Terence
  1448 | D:3      | Killed Terence
  1449 | D:3      | Reached skill level 4 in Unarmed Combat
  1449 | D:3      | Reached XP level 5. HP: 48/52 MP: 4/4
  1780 | D:4      | Noticed an ogre
  1795 | D:4      | Killed an ogre
  1796 | D:4      | Reached XP level 6. HP: 63/63 MP: 5/5
  2211 | D:4      | Found a runed translucent door.
  2212 | D:4      | Noticed Crazy Yiuf
  2218 | D:4      | Killed Crazy Yiuf
  2219 | D:4      | Reached skill level 5 in Unarmed Combat
  2408 | D:4      | Noticed an orc warrior
  2434 | D:4      | Demolished by an orc warrior

Illustrated notes

Levels and vault maps discovered:
D:1:      lemuel_arrival_behind_the_door_small, layout_rooms,
          dreamdust_ecumenical_altar_hidden_monk_grotto,
          amcnicky_mini_rare_corridor_liquid
D:2:      layout_loops_cross, basic_altar
D:3:      layout_rooms, palyth_stone_intersect, uniq_terence
D:4:      layout_cave_pods, uniq_crazy_yiuf_cottage

Skill      XL: |  1  2  3  4  5  6 |
---------------+-------------------+-----
Fighting       | 3 4 |  4.5
Unarmed Combat | 3 4 5 |  5.0
Dodging        | |  2.4
Shields        | |  2.6

Action                   |  1- 3 |  4- 6 || total
-------------------------+-------+-------++-------
Melee: Unarmed           |   119 |   143 ||   262
  Use: Scroll            |       |     5 ||     5
       Potion            |       |     2 ||     2
Armor: Robe              |    36 |    35 ||    71
Dodge: Dodged            |    35 |    37 ||    72
Block: Kite shield       |    48 |    60 ||   108
